 Dungeon Crawl Stone Soup version 0.20.1-1-g8b1a95d (webtiles) character file.

125284 Exporg the Peltast (level 16, -1/147 HPs)
             Began as a Minotaur Fighter on July 4, 2017.
             Was the Champion of the Shining One.
             Slain by a thorn hunter (8 damage)
             ... on level 3 of the Swamp on July 5, 2017.
             The game lasted 01:01:42 (29795 turns).

Exporg the Peltast (Minotaur Fighter)              Turns: 29795, Time: 01:01:43

Health: -1/147     AC: 23    Str: 30    XL:     16   Next: 41%
Magic:  21/21      EV: 10    Int:  5    God:    the Shining One [******]
Gold:   2164       SH: 24    Dex: 16    Spells: 15/15 levels left

rFire    + . .     SeeInvis .   a - +4 flail (crush)
rCold    . . .     Gourm    .   U - +0 large shield
rNeg     + + +     Faith    .   G - +2 plate armour {rF+}
rPois    +         Spirit   .   (helmet restricted)
rElec    .         Reflect  .   r - +1 cloak {rPois}
rCorr    .         Harm     .   R - +0 pair of gloves
MR       +....                  D - +0 pair of boots
Stlth    ..........             h - amulet of rage
Regen    0.4/turn               E - +5 ring of strength
MPRegen  0.2/turn               N - +5 ring of strength

@: glowing
A: retaliatory headbutt, horns 2, clumsy 1
a: Divine Shield, Cleansing Flame, Summon Divine Warrior, Brand Weapon With Holy
Wrath, Renounce Religion, Evoke Berserk Rage


You were on level 3 of the Swamp.
You worshipped the Shining One.
The Shining One was exalted by your worship.
You were very hungry.

You visited 5 branches of the dungeon, and saw 27 of its levels.
You also visited: Labyrinth.

You collected 2750 gold pieces.
You spent 586 gold pieces at shops.

Inventory:

Hand Weapons
 a - a +4 flail of crushing (weapon)
 b - the +4 hand crossbow of Change {freeze, rF+ rN+ Str+3}
   (You bought it in a shop on level 2 of the Orcish Mines)

   It causes projectiles fired from it to freeze those they strike, causing
   extra injury to most foes and up to half again as much damage against
   particularly susceptible opponents.
   They can also slow down cold-blooded creatures.
   It affects your strength (+3).
   It protects you from fire.
   It protects you from negative energy.
 Z - a +1 morningstar of distortion
Missiles
 w - 209 bolts
Armour
 r - a +1 cloak of poison resistance (worn)
 D - a +0 pair of boots (worn)
 G - a +2 plate armour of fire resistance (worn)
 P - +0 storm dragon scales
 R - a +0 pair of gloves (worn)
 U - a +0 large shield (worn)
Jewellery
 h - an amulet of rage (around neck)
 u - an uncursed ring of protection from magic
 y - an uncursed ring of protection from magic
 A - an uncursed ring of protection from cold
 E - a +5 ring of strength (left hand)
 N - a +5 ring of strength (right hand)
Wands
 K - a wand of flame (38/48)
 S - a wand of enslavement (11/24)
 T - a wand of acid (6/15)
 W - a wand of iceblast (12/15)
Scrolls
 c - 12 scrolls of remove curse
 e - 9 scrolls of amnesia
 i - 3 scrolls of immolation
 j - 7 scrolls of teleportation
 l - a scroll of enchant weapon
 s - 8 scrolls of fear
 t - 4 scrolls of blinking
 C - 3 scrolls of fog
 F - 6 scrolls of enchant armour
 L - a scroll of brand weapon
 M - 2 scrolls of magic mapping
 Y - a scroll of recharging
Potions
 d - 4 potions of might
 g - a potion of magic {unknown}
 k - 3 potions of flight
 m - a potion of invisibility {unknown}
 n - 5 potions of mutation
 o - 7 potions of curing
 q - 2 potions of berserk rage {unknown}
 v - 4 potions of agility
 x - 6 potions of haste
 z - 7 potions of lignification
 H - 3 potions of ambrosia
 I - 2 potions of degeneration {unknown}
 J - 6 potions of brilliance
 V - a potion of cancellation {unknown}
Comestibles
 f - 9 bread rations
 p - 10 meat rations
 O - 20 fruits
 Q - 6 royal jellies


   Skills:
 + Level 14.9 Fighting
 + Level 16.1 Maces & Flails
 + Level 8.7 Crossbows
 + Level 13.5 Armour
 + Level 4.7 Dodging
 - Level 2.0 Stealth
 + Level 18.5 Shields
 * Level 8.6 Invocations
 + Level 2.0 Evocations


You had 15 spell levels left.
You didn't know any spells.

Dungeon Overview and Level Annotations

Branches:
Dungeon (15/15)            Temple (1/1) D:4            Lair (6/6) D:9
  Swamp (3/4) Lair:4        Snake (0/4) Lair:3          Orc (2/2) D:10
    Elf (0/3) Orc:2        Vaults (0/5) D:14         Depths (0/5) D:15
  Slime: Lair:5-6

Altars:
Ashenzari
Cheibriados
Dithmenos
Elyvilon
Fedhas
Gozag
Hepliaklqana
Kikubaaqudgha
Makhleb
Nemelex Xobeh
Okawaru
Qazlal
Ru
Sif Muna
Trog
Uskayaw
Vehumet
Xom
Yredelemnul
Zin
The Shining One
Beogh

Shops:
D:4 *   D:11 *   D:15 !   Orc:2 (([*:

Portals:
Trove: D:13 (give +4 demon trident)

Annotations:
Lair:2 exclusion: 2 oklob plants
Lair:5 exclusion: 3 oklob plants


Innate Abilities, Weirdness & Mutations

You reflexively headbutt those who attack you in melee.
You have a pair of horns on your head.
You are clumsy. (Dex -2)


Message History

The alligator is heavily wounded.
The alligator bites you but does no damage.
You block the alligator's attack.
You hit the alligator.
The alligator is heavily wounded.
The tyrant leech bites you!
* * * LOW HITPOINT WARNING * * *
You block the alligator's attack. x2
You hit the alligator.
The alligator is heavily wounded.
You block the alligator's attack. x2; You block the tyrant leech's attack.
You sock the alligator! You headbutt the alligator.
The alligator is severely wounded.
The thorn hunter fires a volley of thorns at you.
The volley of thorns hits you!
* * * LOW HITPOINT WARNING * * *
You block the alligator's attack. x2
Unknown command.
You fail to use your ability.
The thorn hunter hits you!
You die...

♣♣♣♣♣♣♣♣♣♣
♣.....≈♣≈♣
♣...≈≈..♣♣♣♣♣
♣♣.≈≈$≈≈≈≈≈..♣
.≈≈≈≈≈≈.....♣♣
≈≈≈.≈≈≈..§≈.♣
♣♣♣w.§≈≈.≈≈≈♣
♣♣≈@tJ≈≈≈....♣.
♣♣..≈f≈≈≈≈≈≈≈...
♣.%≈≈≈≈≈≈≈≈≈≈.≈≈
♣...§≈≈≈≈≈≈≈≈.≈≈≈
PP≈♣.≈≈≈≈≈≈≈≈.≈≈≈≈
.PP≈♣≈≈≈≈..≈≈≈≈≈≈≈♣
.≈≈ ♣≈....≈≈≈≈≈≈≈≈≈
§≈ ♣≈≈.≈≈≈≈≈≈≈≈≈≈≈
....≈≈≈≈≈≈≈≈≈≈≈≈


You could see a thorn hunter, an alligator, a tyrant leech and a slime creature.

Vanquished Creatures
  Rupert (Orc:1)
  Roxanne (D:15)
  2 orc warlords (Orc:2)
  The ghost of IjonTichy1 the Bludgeoner, a journeyman TeAE of Vehumet (Orc:1)
  A dire elephant (Lair:6)
  A minotaur (Lab)
  A fire dragon (D:15)
  10 hydras
  Fannar (Lair:1)
  2 vault guards (D:14)
  An ice dragon (D:15)
  2 catoblepae
  5 two-headed ogres
  8 alligators
  2 centaur warriors
  8 death yaks (Lair:6)
  An ogre mage (Orc:1)
  The ghost of tidbits the Transmogrifier, a novice DgTm (Lair:1)
  A tengu warrior (D:13)
  6 orc high priests
  4 unseen horrors
  3 spriggan druids (Swamp:2)
  An unseen horror (shapeshifter) (D:15)
  A shambling mangrove (Swamp:1)
  4 swamp dragons
  2 lindwurms (Lair:6)
  A necromancer (D:14)
  3 wizards (D:14)
  4 orc knights
  5 ugly things
  6 orc sorcerers
  4 manticores
  2 deep elf magi
  5 cyclopes
  2 wolf spiders (Lair:6)
  7 elephants
  2 centaur zombies
  Joseph (D:12)
  A torpor snail (Lair:6)
  2 black mambas (Lair:1)
  3 centaur skeletons
  3 rime drakes
  18 spiny frogs
  4 yaktaurs (D:15)
  An efreet (D:13)
  8 komodo dragons
  3 tengu conjurers (D:13)
  3 trolls
  A wolf spider simulacrum (D:10)
  11 hornets
  2 polar bears (Lair:6)
  5 tyrant leeches
  2 dream sheep (Lair:6)
  3 bog bodies (Swamp:2)
  22 slime creatures
  2 meliai zombies (D:14)
  11 blink frogs
  11 hippogriffs
  A centaur simulacrum (D:14)
  4 spriggans
  4 shadows
  56 yaks
  2 wyverns
  19 humans (D:14)
  3 vampires
  A wraith (D:14)
  4 basilisks
  2 hungry ghosts
  2 steam dragons
  12 vampire mosquitoes
  9 swamp worms
  3 nagas (Lair:3)
  An acid dragon (D:15)
  4 soldier ants
  3 wargs
  11 insubstantial wisps (Swamp:1)
  Duvessa (D:5)
  10 water moccasins
  10 porcupines
  46 orc warriors
  2 swamp drakes
  A black bear (D:12)
  4 ice beasts
  4 sky beasts
  2 eyes of draining (D:9)
  A phantom (D:8)
  2 necrophages
  5 wolves
  20 ogres
  19 centaurs
  10 crocodiles
  3 big kobolds
  14 bullfrogs
  A gnoll sergeant (D:8)
  Dowan (D:5)
  A water moccasin zombie (D:11)
  A scorpion (D:4)
  13 killer bees
  10 wights
  7 howler monkeys
  7 crimson imps
  2 bullfrog zombies
  4 jellies
  6 hounds
  2 bullfrog skeletons
  36 orc priests
  27 orc wizards
  Jessica (D:3)
  2 iguanas
  6 hell rats (Lair:6)
  9 worker ants
  2 hound skeletons
  A hound zombie (D:7)
  2 worker ant zombies
  9 gnolls
  19 adders
  4 shadow imps
  An ooze (D:2)
  2 adder skeletons
  3 worms
  3 dart slugs
  5 leopard geckos
  101 orcs
  12 bats
  5 giant cockroaches
  3 goblins
  7 hobgoblins
  9 jackals
  18 kobolds
  2 quokkas
  2 ball pythons
  A frilled lizard (D:1)
  A leopard gecko skeleton (D:4)
  A quokka zombie (D:9)
  9 rats
882 creatures vanquished.

Vanquished Creatures (others)
  A human (D:10)
  An orc wizard (Orc:2)
  4 orcs
  A briar patch (Swamp:3)
  5 fungi (Lair:6)
  3 plants
15 creatures vanquished.

Grand Total: 897 creatures vanquished

Notes
Turn   | Place    | Note
-------+----------+-------------------------------------------
     0 | D:1      | Exporg the Minotaur Fighter began the quest for the Orb.
     0 | D:1      | Reached XP level 1. HP: 19/19 MP: 0/0
    58 | D:1      | Reached XP level 2. HP: 18/27 MP: 1/1
   105 | D:1      | Reached skill level 4 in Shields
   833 | D:2      | Reached XP level 3. HP: 33/33 MP: 2/2
  1072 | D:2      | Found a burning altar of Makhleb.
  1384 | D:2      | Reached XP level 4. HP: 40/40 MP: 3/3
  1740 | D:3      | Noticed Jessica
  1746 | D:3      | Killed Jessica
  1832 | D:3      | Reached skill level 1 in Dodging
  1832 | D:3      | Reached XP level 5. HP: 46/46 MP: 4/4
  1983 | D:4      | Noticed an ogre
  1991 | D:4      | Killed an ogre
  1991 | D:4      | Reached skill level 5 in Shields
  1994 | D:4      | Reached skill level 5 in Armour
  1994 | D:4      | Reached XP level 6. HP: 27/53 MP: 5/5
  2204 | D:4      | Reached skill level 5 in Maces & Flails
  2460 | D:4      | Found Feimalus's Assorted Antiques.
  2470 | D:4      | Reached skill level 5 in Fighting
  2527 | D:4      | Reached XP level 7. HP: 53/61 MP: 6/6
  2731 | D:4      | Found a staircase to the Ecumenical Temple.
  2745 | Temple   | Entered the Ecumenical Temple
  2778 | Temple   | Became a worshipper of the Shining One
  3384 | D:5      | Entered Level 5 of the Dungeon
  3434 | D:5      | Found a glowing silver altar of Zin.
  3450 | D:5      | Noticed Dowan
  3451 | D:5      | Noticed Duvessa
  3465 | D:5      | Killed Duvessa
  3476 | D:5      | Killed Dowan
  3557 | D:5      | Reached * piety under the Shining One
  3570 | D:5      | Reached skill level 1 in Stealth
  3625 | D:5      | Reached skill level 6 in Shields
  3625 | D:5      | Reached XP level 8. HP: 56/69 MP: 7/7
  3746 | D:5      | Found a hazy altar of Hepliaklqana.
  4463 | D:7      | Reached XP level 9. HP: 41/75 MP: 8/8
  4663 | D:7      | Found a shimmering altar of Xom.
  4682 | D:7      | Reached skill level 10 in Maces & Flails
  4715 | D:7      | Reached skill level 7 in Shields
  4719 | D:7      | Found a hide-covered altar of Uskayaw.
  4898 | D:7      | Found a shimmering altar of Xom.
  4898 | D:7      | Found a shimmering altar of Xom.
  4912 | D:7      | Found a shimmering altar of Xom.
  4912 | D:7      | Found a shimmering altar of Xom.
  4913 | D:7      | Found a shimmering altar of Xom.
  4915 | D:7      | Found a shimmering altar of Xom.
  4915 | D:7      | Found a shimmering altar of Xom.
  4916 | D:7      | Found a shimmering altar of Xom.
  4916 | D:7      | Found a shimmering altar of Xom.
  4961 | D:7      | Found a shimmering altar of Xom.
  5026 | D:7      | Reached ** piety under the Shining One
  5217 | D:8      | Noticed a two-headed ogre
  5227 | D:8      | Killed a two-headed ogre
  5227 | D:8      | Reached skill level 8 in Shields
  5744 | D:8      | Reached XP level 10. HP: 68/86 MP: 9/9
  5890 | D:8      | Reached skill level 1 in Evocations
  6026 | D:8      | Noticed a two-headed ogre
  6036 | D:8      | Killed a two-headed ogre
  6088 | D:8      | Reached skill level 9 in Shields
  6240 | D:8      | Paralysed by a hornet for 3 turns
  6767 | D:9      | Reached *** piety under the Shining One
  7097 | D:9      | Reached skill level 10 in Shields
  7192 | D:9      | Found a staircase to the Lair.
  7506 | D:10     | Entered Level 10 of the Dungeon
  7947 | D:10     | Reached XP level 11. HP: 71/97 MP: 2/10
  8187 | D:10     | Noticed an unseen horror
  8208 | D:10     | Killed an unseen horror
  8356 | D:10     | Found an ancient bone altar of Kikubaaqudgha.
  8415 | D:10     | Reached skill level 1 in Crossbows
  8461 | D:10     | Found a staircase to the Orcish Mines.
  8839 | Lair:1   | Entered Level 1 of the Lair of Beasts
  8839 | Lair:1   | Reached **** piety under the Shining One
  9021 | Lair:1   | Noticed tidbits's ghost (novice DgTm)
  9040 | Lair:1   | Killed tidbits's ghost
  9040 | Lair:1   | Reached skill level 11 in Shields
  9110 | Lair:1   | Noticed Fannar
  9124 | Lair:1   | Killed Fannar
  9145 | Lair:1   | Noticed a six-headed hydra
  9164 | Lair:1   | Killed a six-headed hydra
  9252 | Lair:1   | Reached skill level 12 in Shields
  9662 | Lair:1   | Reached skill level 10 in Fighting
 10077 | Lair:2   | Reached XP level 12. HP: 106/106 MP: 11/11
 10188 | Lair:2   | Reached skill level 5 in Crossbows
 11246 | Lair:3   | Found a staircase to the Snake Pit.
 11474 | Lair:3   | Reached skill level 10 in Armour
 11796 | Lair:4   | Found a labyrinth entrance.
 11798 | Lair:4   | Noticed a four-headed hydra
 11807 | Lair:4   | Killed a four-headed hydra
 11807 | Lair:4   | Reached skill level 13 in Shields
 11814 | Lab      | Entered a labyrinth
 12212 | Lab      | Noticed a minotaur
 12223 | Lab      | Killed a minotaur
 12235 | Lab      | Identified the Papyrus of Clay
 12382 | Lair:4   | Reached ***** piety under the Shining One
 12636 | Lair:4   | Noticed an eight-headed hydra
 12653 | Lair:4   | Killed an eight-headed hydra
 12653 | Lair:4   | Reached XP level 13. HP: 45/116 MP: 8/12
 13264 | Lair:4   | Found a staircase to the Swamp.
 14294 | Lair:6   | Entered Level 6 of the Lair of Beasts
 14321 | Lair:6   | Reached skill level 14 in Shields
 15578 | Lair:6   | Reached skill level 1 in Invocations
 15785 | Lair:6   | Noticed a dire elephant
 15809 | Lair:6   | Killed a dire elephant
 16340 | Lair:6   | HP: 5/119 [poisoned by a wolf spider]
 16346 | Lair:6   | HP: 4/119 [poisoned by a wolf spider]
 16352 | Lair:6   | HP: 4/119 [poisoned by a wolf spider]
 16359 | Lair:6   | HP: 4/119 [poisoned by a wolf spider]
 17080 | Lair:6   | Reached skill level 15 in Shields
 17349 | Lair:6   | Reached XP level 14. HP: 119/127 MP: 15/15
 17767 | D:11     | Reached skill level 15 in Maces & Flails
 18314 | D:11     | Found Kayst's Assorted Antiques.
 18691 | D:12     | Noticed Joseph
 18708 | D:12     | Killed Joseph
 18814 | D:12     | Found an opulent altar of Gozag.
 19177 | D:12     | Reached ****** piety under the Shining One
 20062 | D:13     | Reached skill level 16 in Shields
 20227 | D:13     | Found a portal to a secret trove of treasure.
 20610 | Orc:1    | Entered Level 1 of the Orcish Mines
 20659 | Orc:1    | Paralysed by an orc sorcerer for 7 turns
 20661 | Orc:1    | Noticed IjonTichy1's ghost (journeyman TeAE)
 20686 | Orc:1    | Killed IjonTichy1's ghost
 21121 | Orc:1    | Reached skill level 5 in Invocations
 21678 | Orc:2    | Entered Level 2 of the Orcish Mines
 21722 | Orc:2    | Noticed Rupert
 21742 | Orc:1    | Killed Rupert
 21862 | Orc:2    | Noticed an orc warlord
 21887 | Orc:2    | Killed an orc warlord
 22030 | Orc:1    | Reached XP level 15. HP: 104/137 MP: 18/18
 22360 | Orc:2    | Noticed an orc warlord
 22382 | Orc:2    | Killed an orc warlord
 22674 | Orc:2    | Found a roughly hewn altar of Beogh.
 22737 | Orc:2    | Gained mutation: You are clumsy. (Dex -2) [a neqoxec]
 22812 | Orc:2    | Reached skill level 17 in Shields
 23085 | Orc:2    | Found a staircase to the Elven Halls.
 23229 | Orc:2    | Found Fapso's Antique Armour Shop.
 23229 | Orc:2    | Found Cyhonijec's Antique Weapon Boutique.
 23231 | Orc:2    | Found Pemoable's General Store.
 23231 | Orc:2    | Found Dagog's Book Shop.
 23441 | Orc:2    | Found Reovap's Antique Weapon Shoppe.
 23733 | Orc:2    | Bought a warped hand crossbow for 348 gold pieces
 23733 | Orc:2    | Identified the +4 hand crossbow of Change {freeze, rF+ rN+ Str+3} (You bought it in a shop on level 2 of the Orcish Mines)
 23840 | Orc:2    | Bought an iridescent war axe for 238 gold pieces
 23840 | Orc:2    | Identified the +4 war axe "Killer Klown's Death" {chop, Int+5 Dex-5} (You bought it in a shop on level 2 of the Orcish Mines)
 24457 | D:14     | Found a burning altar of Makhleb.
 24813 | D:14     | Found a gate to the Vaults.
 24897 | D:15     | Entered Level 15 of the Dungeon
 25551 | D:15     | Found Gotutteu's Distillery.
 25697 | D:15     | Noticed Roxanne
 25728 | D:15     | Killed Roxanne
 26245 | D:15     | Found a staircase to the Depths.
 26952 | Swamp:1  | Entered Level 1 of the Swamp
 27484 | Swamp:1  | Reached skill level 18 in Shields
 27507 | Swamp:1  | Reached XP level 16. HP: 120/147 MP: 20/20
 29764 | Swamp:3  | Noticed a thorn hunter
 29777 | Swamp:3  | HP: 6/147 [thorn hunter/volley of thorns (33)]
 29779 | Swamp:3  | HP: 2/147 [thorn hunter/volley of thorns (29)]
 29786 | Swamp:3  | Noticed a thorn hunter
 29794 | Swamp:3  | HP: 7/147 [thorn hunter/volley of thorns (13)]
 29795 | Swamp:3  | Slain by a thorn hunter

Skill      XL: |  1  2  3  4  5  6  7  8  9 10 11 12 13 14 15 16 |
---------------+-------------------------------------------------+-----
Shields        | 4 5 6 8 10 12 13 15 16 18 | 18.5
Fighting       | 4 5 6 7 9 10 11 12 13 14 | 14.9
Armour         | 4 5 6 7 8 9 10 11 12 13 | 13.5
Maces & Flails | 3 4 5 7 9 11 12 13 14 15 16 | 16.1
Dodging        | 1 2 3 4 |  4.7
Stealth        | 1 2 |  2.0
Evocations     | 1 2 |  2.0
Crossbows      | 4 6 7 8 |  8.7
Invocations    | 3 5 7 8 |  8.6

Action                   |  1- 3 |  4- 6 |  7- 9 | 10-12 | 13-15 | 16-18 || total
-------------------------+-------+-------+-------+-------+-------+-------++-------
Melee: Flail             |   129 |    81 |   291 |   649 |  1425 |   219 ||  2794
       Headbutt          |    16 |    16 |    78 |   182 |   466 |    71 ||   829
 Fire: Hand crossbow     |       |       |       |    90 |   141 |    63 ||   294
Invok: Divine Shield     |       |       |       |     1 |     2 |       ||     3
       Cleansing Flame   |       |       |       |       |     1 |     1 ||     2
 Abil: Evoke Berserk Rag |       |     1 |     1 |     3 |     4 |       ||     9
  Use: Scroll            |       |       |    10 |     8 |    13 |     2 ||    33
       Potion            |       |       |       |     3 |     3 |     3 ||     9
  Eat: Chunk             |     2 |     4 |     9 |    19 |    47 |     5 ||    86
       Royal jelly       |       |       |     1 |     3 |     3 |     1 ||     8
Armor: Scale mail        |    88 |    22 |       |       |       |       ||   110
       Chain mail        |       |     2 |    93 |       |       |       ||    95
       Plate armour      |       |       |    20 |   191 |   305 |    64 ||   580
       Storm dragon scal |       |       |       |    56 |   138 |       ||   194
Dodge: Dodged            |    52 |    20 |    50 |    85 |   264 |    35 ||   506
Block: Shield            |    85 |    36 |    95 |       |       |       ||   216
       Large shield      |       |       |    77 |   585 |  1529 |   266 ||  2457
